 Dungeon Crawl Stone Soup version 0.18-a0-1303-g41c131c (webtiles) character file.

67 Duffy the Digger (level 4, 19/24 HPs)
             Began as a Gargoyle Earth Elementalist on Feb 12, 2016.
             Quit the game on level 2 of the Dungeon.
             The game lasted 00:02:29 (1952 turns).

Duffy the Digger (Gargoyle Earth Elementalist)      Turns: 1952, Time: 00:02:29

Health: 19/24      AC:  5    Str: 12    XL:     4   Next: 18%
Magic:  4/7        EV: 12    Int: 16    God:
Gold:   64         SH:  0    Dex: 10    Spells: 2 memorised, 4 levels left

rFire  . . .     SeeInvis .     b - 58 stones
rCold  . . .     Gourm    .     a - +0 robe
rNeg   + . .     Faith    .     (no shield)
rPois  ∞         Spirit   .     (no helmet)
rElec  +         Dismiss  .     (no cloak)
rCorr  .         Reflect  .     (no gloves)
SustAt .         Harm     .     (no boots)
MR     .....                    (no amulet)
Stlth  ++........               (no ring)
                                (no ring)

@: starving, not resistant to hostile enchantments, unstealthy
A: negative energy resistance 1, electricity resistance, unbreathing,
petrification resistance, rot immunity, AC +3
a: no special abilities


You were on level 2 of the Dungeon.
You were starving.

You visited 1 branch of the dungeon, and saw 2 of its levels.

You collected 64 gold pieces.


Innate Abilities, Weirdness & Mutations

You are resistant to torment.
Your stone body is resilient (AC +3).
You are immune to poison.
You resist negative energy.
You are resistant to electric shocks.
You can survive without breathing.
You are immune to petrification.
You are immune to rotting.


   Skills:
 - Level 1.5 Dodging
 - Level 2.1 Stealth
 - Level 2.0 Spellcasting
 - Level 0.8 Transmutations
 + Level 5.9 Earth Magic


You had 4 spell levels left.
You knew the following spells:

 Your Spells              Type           Power        Failure   Level  Hunger
a - Sandblast             Erth           ###...       1%          1    #......
P - Passwall              Trmt/Erth      ##........   10%         2    ###....

Inventory:

Missiles
 b - 58 stones (in hand)
Armour
 a - a +0 robe (worn)
Scrolls
 e - a scroll of identify {unknown}
 i - 2 scrolls of remove curse {unknown}
 k - a scroll of immolation {unknown}
Potions
 f - a potion of curing {unknown}
 g - a potion of berserk rage {unknown}
 h - a potion of agility {unknown}
Books
 c - a book of Geomancy
Comestibles
 d - a bread ration
 j - a beef jerky
 l - a royal jelly

Dungeon Overview and Level Annotations

Branches:
Dungeon (2/15)

Altars:
Nemelex Xobeh


Message History

Unknown command.
Cast which spell? (? or * to list)
Aiming: Sandblast
Press: ? - help, Shift-Dir - straight line, f - Terence
Aim: Terence, wielding a trident and wearing a scale mail The rocky blast hits Terence.
Terence is severely wounded.
Terence barely misses you.
Cast which spell? (? or * to list)
Aiming: Sandblast
Press: ? - help, Shift-Dir - straight line, f/p - Terence
Aim: Terence, wielding a trident and wearing a scale mail (severely wounded)
The rocky blast misses Terence.
Terence hits you with a trident.
Cast which spell? (? or * to list)
Aiming: Sandblast
Press: ? - help, Shift-Dir - straight line, f/p - Terence
Aim: Terence, wielding a trident and wearing a scale mail (severely wounded)
The rocky blast hits Terence.
Terence is almost dead.
Terence hits you but does no damage.
Cast which spell? (? or * to list)
Aiming: Sandblast
Press: ? - help, Shift-Dir - straight line, f/p - Terence
Aim: Terence, wielding a trident and wearing a scale mail (almost dead)
The rocky blast hits Terence.
You kill Terence!
You have reached level 4!
You feel stronger.
Things that are here:
a trident; a scale mail You see here a whip.
Found 9 gold pieces.
Found 9 arrows of frost.
You are starving!
Are you sure you want to abandon this character and quit the game? (Confirm with "yes".)

#...#.##.......
######..##.##.......
#..........###.#..##
#..(.......# #...##
#..........# #...###
#..........# #......
#..........# #...##.
#.........)###...##.
#..@................
#...........###...##.
#...........# #...##.
#.#####$##### ###)##.
## #.# ###.##. #.#
#..)... #.# #..<...
#. #...... #......


There were no monsters in sight!

Action                   |  1- 3 |  4- 6 || total
-------------------------+-------+-------++-------
 Cast: Sandblast         |    56 |     1 ||    57
  Eat: Chunk             |     2 |       ||     2

Notes
Turn   | Place    | Note
--------------------------------------------------------------
     0 | D:1      | Duffy the Gargoyle Earth Elementalist began the quest for the Orb.
     0 | D:1      | Reached XP level 1. HP: 10/10 MP: 3/3
    30 | D:2      | Found a sparkling altar of Nemelex Xobeh.
   346 | D:1      | Reached skill level 4 in Earth Magic
   503 | D:2      | Reached XP level 2. HP: 15/15 MP: 0/5
   560 | D:2      | Learned a level 2 spell: Passwall
  1282 | D:2      | Reached skill level 5 in Earth Magic
  1282 | D:2      | Reached XP level 3. HP: 19/19 MP: 3/6
  1318 | D:2      | Noticed Terence
  1934 | D:2      | Killed Terence
  1934 | D:2      | Reached XP level 4. HP: 18/24 MP: 2/7
  1952 | D:2      | Quit the game

Vault maps used:
D:1:      dpeg_arrival_stonehenge_8_columns
D:2:      nemelex_altar_shiori, nemelex_lonely_heart_becter, uniq_terence

Vanquished Creatures
  Terence
  2 adders
  A worm
  A hobgoblin
  2 jackals
  4 kobolds
  A quokka
  7 bats
  4 giant newts
  2 rats
25 creatures vanquished.
